 Dungeon Crawl Stone Soup version 0.23.0 (webtiles) character file.

Game seed: 2092540998193722379

79 Masnef the Vexing (level 4, -1/24 HPs)
             Began as a Tengu Enchanter on Feb 9, 2019.
             Slain by a water moccasin (7 damage)
             ... on level 5 of the Dungeon.
             The game lasted 00:05:57 (2637 turns).

Masnef the Vexing (Tengu Enchanter)                 Turns: 2637, Time: 00:05:58

Health: -1/24      AC: 11    Str:  8    XL:     4   Next: 37%
Magic:  6/8        EV: 12    Int: 17    God:
Gold:   119        SH:  0    Dex: 14    Spells: 1/7 levels left

rFire    . . .     SeeInvis .   o - +2 mace (protect)
rCold    . . .     Gourm    +   (no shield)
rNeg     . . .     Faith    .   b - +0 robe
rPois    +         Spirit   .   (helmet restricted)
rElec    .         Reflect  .   r - +0 cloak
rCorr    +         Harm     .   h - +0 pair of gloves
MR       .....     Rnd*Tele +   (boots unavailable)
Stlth    ++........             n - amulet of the gourmand
HPRegen  0.08/turn              j - ring of resist corrosion
MPRegen  0.11/turn              p - ring of teleportation (curse)

@: protection aura, very slightly contaminated
A: beak, talons 3, poison resistance, wild magic 1
a: no special abilities


You were on level 5 of the Dungeon.
You were full.

You visited 1 branch of the dungeon, and saw 4 of its levels.

You collected 119 gold pieces.

Inventory:

Hand Weapons
 a - a +1 dagger
 l - a +1 mace of holy wrath
 m - a +0 mace
 o - a +2 mace of protection (weapon)
Armour
 b - a +0 robe (worn)
 h - a +0 pair of gloves (worn)
 i - a +0 buckler
 r - a +0 cloak (worn)
Jewellery
 j - a ring of resist corrosion (left hand)
 n - an amulet of the gourmand (around neck)
 p - a cursed ring of teleportation (right hand)
Scrolls
 c - a scroll of enchant armour {unknown}
 f - a scroll of identify {unknown}
 g - a scroll of amnesia {unknown}
 k - a scroll of blinking {unknown}
 q - a scroll of enchant weapon {unknown}
Potions
 e - a potion of lignification
Comestibles
 d - 2 rations


   Skills:
 + Level 0.1 Fighting
 - Level 1.3 Short Blades
 - Level 2.1 Dodging
 - Level 3.2 Stealth
 - Level 2.0 Spellcasting
 + Level 3.3 Hexes
 * Level 1.1 Ice Magic


You had one spell level left.
You knew the following spells:

 Your Spells              Type           Power        Failure   Level  Hunger
a - Corona                Hex            ###....      8%          1    #......
b - Ensorcelled Hibernat  Hex/Ice        ##....       17%         2    ###....
c - Confuse               Hex            ###.....     21%         3    ###....

Your spell library contained the following spells:

 Spells                   Type           Power        Failure   Level  Hunger
 Tukima's Dance           Hex            ###.....     21%         3    ###....
 Dazzling Spray           Conj/Hex       #.....       36%         3    ###....


Dungeon Overview and Level Annotations

Branches:
Dungeon (3/15)

Altars:


Innate Abilities, Weirdness & Mutations

You have a beak for a mouth.
You have claws for feet.
Your system is resistant to poisons. (rPois)
Your spells are a little harder to cast, but a little more powerful.


Message History

Your peck misses the water moccasin.
The water moccasin is severely wounded.
The water moccasin barely misses you.
You hit the water moccasin.
The water moccasin is severely wounded.
The water moccasin bites you but does no damage. x2
You hit the water moccasin.
The water moccasin is almost dead.
The water moccasin closely misses you. The water moccasin barely misses you.
You hit the water moccasin.
The water moccasin is almost dead.
The water moccasin bites you but does no damage.
The water moccasin barely misses you.
You miss the water moccasin.
The water moccasin is almost dead.
The water moccasin barely misses you. The water moccasin closely misses you.
You barely miss the water moccasin.
The water moccasin is almost dead.
The water moccasin misses you. The water moccasin bites you!
You die...

..............>..........#
#####..##.##.###.#......#
#######............#......#
........####.#.######......
........##.....#<..........
........##.....#....รท......
...####.##.....#.#.##......
...............#.#.##......
...####.##@...##...##......
#...S...#######......
#.#.....# #...... #.##....#
...... ..##....# ######
#.##....# #. ##...$ .####


You could see a water moccasin.

Vanquished Creatures
  Crazy Yiuf (D:2)
  A howler monkey zombie (D:5)
  A worm (D:2)
  2 dart slugs
  A leopard gecko (D:5)
  An orc (D:3)
  A ball python (D:2)
  2 giant cockroaches
  A goblin (D:1)
  5 hobgoblins
  4 kobolds
  2 quokkas (D:2)
  3 bats
  5 frilled lizards
  2 rats
32 creatures vanquished.

Notes
Turn   | Place    | Note
-------+----------+-------------------------------------------
     0 | D:1      | Masnef the Tengu Enchanter began the quest for the Orb.
     0 | D:1      | Reached XP level 1. HP: 10/10 MP: 4/4
   584 | D:1      | Reached XP level 2. HP: 15/15 MP: 6/6
   588 | D:1      | Learned a level 2 spell: Ensorcelled Hibernation
  1131 | D:2      | Found a faded altar of an unknown god.
  1669 | D:2      | Reached XP level 3. HP: 19/19 MP: 0/7
  1674 | D:2      | Learned a level 3 spell: Confuse
  1767 | D:2      | Found a runed translucent door.
  1768 | D:2      | Noticed Crazy Yiuf
  2205 | D:2      | HP: 1/28 [Crazy Yiuf/+3 quarterstaff of chaos (19)]
  2207 | D:2      | Gained mutation: Your system is resistant to poisons.
                  | (rPois) [potion of mutation]
  2207 | D:2      | Gained mutation: Your spells are a little harder to cast,
                  | but a little more powerful. [potion of mutation]
  2208 | D:2      | Killed Crazy Yiuf
  2208 | D:2      | Reached XP level 4. HP: 2/24 MP: 6/8
  2532 | D:3      | Reached skill level 1 in Ice Magic
  2549 | D:3      | You fall through a shaft for 2 floors!
  2549 | D:5      | Entered Level 5 of the Dungeon
  2621 | D:5      | Noticed a water moccasin
  2637 | D:5      | Slain by a water moccasin

Skill      XL: |  1  2  3  4 |
---------------+-------------+-----
Hexes          | 3 |  3.3
Ice Magic      | 1 |  1.1
Fighting       | |  0.1
Short Blades   | |  1.3
Dodging        | |  2.1
Stealth        | |  3.2
Spellcasting   | |  2.0

Action                   |  1- 3 |  4- 6 || total
-------------------------+-------+-------++-------
Melee: Dagger            |    59 |       ||    59
       Kick              |    12 |     5 ||    17
       Peck              |     7 |     2 ||     9
       Mace              |    16 |    30 ||    46
 Cast: Corona            |     3 |     1 ||     4
       Ensorcelled Hiber |     5 |     1 ||     6
  Use: Potion            |     3 |       ||     3
 Stab: Sleeping          |     8 |     1 ||     9
  Eat: Chunk             |     8 |     4 ||    12
Armor: Robe              |    12 |    11 ||    23
       Skin              |    10 |       ||    10
Dodge: Dodged            |    40 |    29 ||    69
